 Dungeon Crawl Stone Soup version 0.29.1-13-g9f3cf754e1 (webtiles) character file.

Game seed: 15867771997341463869

63 Thatpatchoflichen the Ducker (level 3, -1/28 HPs)
             Began as a Demonspawn Gladiator on Feb 6, 2023.
             Killed from afar by an orc wizard (6 damage)
             ... with a magic dart
             ... on level 3 of the Dungeon.
             The game lasted 00:03:00 (2396 turns).

Thatpatchoflichen the Ducker (Demonspawn Gladiator) Turns: 2396, Time: 00:03:00

Health: -1/28      AC:  7    Str: 14    XL:     3   Next: 87%
Magic:  3/3        EV: 10    Int:  9    God:
Gold:   96         SH:  0    Dex: 16    Spells: 2/2 levels left

rFire   . . .      SeeInvis .   a - +0 long sword
rCold   . . .      Faith    .   (no shield)
rNeg    . . .      Spirit   .   h - +0 scale mail
rPois   .          Reflect  .   c - +0 helmet
rElec   .          Harm     .   (no cloak)
rCorr   .          Rampage  .   (no gloves)
Will    .....                   (no boots)
Stlth   ..........              (no amulet)
HPRegen 0.09/turn               (no ring)
MPRegen 0.08/turn               (no ring)

@: no status effects
A: demonic touch 1
a: no special abilities


You were on level 3 of the Dungeon.
You visited 1 branch of the dungeon, and saw 3 of its levels.

You collected 96 gold pieces.

Inventory:

Hand Weapons
 a - a +0 long sword (weapon)
Missiles
 d - 4 throwing nets (quivered)
 e - a javelin
 p - 5 poisoned darts
Armour
 b - a +0 leather armour
 c - a +0 helmet (worn)
 h - a +0 scale mail (worn)
Scrolls
 f - a scroll of vulnerability {unknown}
 g - a scroll of magic mapping {unknown}
 i - a scroll of acquirement {unknown}
 j - a scroll of amnesia {unknown}
 l - a scroll of brand weapon {unknown}
 m - a scroll of fog {unknown}
 n - a scroll of silence {unknown}
 o - a scroll of immolation {unknown}
 s - 2 scrolls of identify {unknown}
Potions
 k - a potion of invisibility {unknown}
 q - a potion of attraction {unknown}
 r - a potion of brilliance {unknown}


   Skills:
 + Level 2.9 Fighting
 + Level 3.3 Long Blades
 - Level 1.7 Throwing
 + Level 3.3 Dodging


You had 2 spell levels left.
You didn't know any spells.
Your spell library contained the following spells:

 Spells                   Type           Power      Damage    Failure   Level
 Confusing Touch          Hex            0%         N/A       99%         3
 Yara's Violent Unravell  Hex/Tmut       0%         3d3       100%        5
 Enfeeble                 Hex            0%         N/A       100%        7


Dungeon Overview and Level Annotations

Branches:
Dungeon (3/15)

Altars:


Innate Abilities, Weirdness & Mutations

Your touch may inflict minor irresistible damage on your foes.


Message History

You resist with significant effort. The orc barely misses you.
The orc attacks as you move away! The orc hits you with a +0 dagger.
You hit the orc.
You kill the orc!
The orc wizard gestures at you while chanting.
You are confused.
The orc wizard casts a spell.
The orc wizard flickers and vanishes!
Deactivating autopickup; reactivate with Ctrl-A.
You bump into the rock wall.
You bump into the rock wall.
You're too confused to move!
You feel less confused. The orc hits you with a +0 flail.
The orc attacks as you move away! The orc hits you with a +0 flail.
The orc attacks as you move away! The orc barely misses you.
You hear some strange, mumbled words.
You are confused.
The orc hits you but does no damage.
You hit the orc.
The orc is heavily wounded.
Something hits you but does no damage. The orc hits you but does no damage.
You bump into the rock wall.
Something hits you. The orc closely misses you.
You barely miss the orc.
The orc is heavily wounded.
Something hits you but does no damage. The orc barely misses you.
You hit the orc.
You kill the orc!
You feel less confused. Something hits you but does no damage.
A magic dart appears from out of thin air!
The magic dart hits you.
* * * LOW HITPOINT WARNING * * *
A magic dart appears from out of thin air!
The magic dart hits you.
* * * LOW HITPOINT WARNING * * *
A magic dart appears from out of thin air!
The magic dart hits you.
You die...

#. ###.....>.......... ..###
#............#..### .o..#
#...#######.......## ....#
#...# #.##...... ....# #...#
#....#... ....# #####
#..##..## ....######
##..##.####
.....)...##########..[.....[.
....####.....##.@....########
....# ##...{..############
########..###.##..........#
####...## #..#..........#
#....### ####..#....#..#
###.#### #..........# #...#
######....##....#
#.#########....#....##....#
..###)......####..........#


There were no monsters in sight!

Vanquished Creatures
  3 adders
  2 orcs (D:3)
  An endoplasm (D:1)
  5 hobgoblins (D:1)
  4 kobolds
  3 quokkas
  3 ball pythons (D:1)
  7 bats
  2 frilled lizards
  2 goblins
  2 rats (D:2)
34 creatures vanquished.

Notes
Turn   | Place    | Note
-------+----------+-------------------------------------------
     0 | D:1      | Thatpatchoflichen the Demonspawn Gladiator began the quest
                  | for the Orb.
     0 | D:1      | Reached XP level 1. HP: 16/16 MP: 1/1
   194 | D:1      | Gained mutation: Your touch may inflict minor irresistible
                  | damage on your foes. [demonic ancestry]
   194 | D:1      | Reached XP level 2. HP: 22/22 MP: 2/2
   597 | D:1      | Found a faded altar of an unknown god.
  1252 | D:1      | Reached XP level 3. HP: 25/28 MP: 3/3
  2270 | D:3      | Identified the +1 ring mail of Impatience {*Corrode rElec
                  | rPois rF+ Int+2}
  2396 | D:3      | Killed from afar by an orc wizard

Illustrated notes

Levels and vault maps discovered:
D:1:      sevenhm_arrival_forest_fort_small_6, layout_basic,
          shapermc_ecumenical_altar_mp_highgroup, minmay_close_crescents
D:2:      layout_loops_ring, dk_vineyard_3
D:3:      layout_rooms, mainiacjoe_overflow_alcove_2, kennysheep_pointless_box,
          kennysheep_path_1, grunt_decor_fettered, minmay_cupped

Skill      XL: |  1  2 |
---------------+-------+-----
Long Blades    | 3 |  3.3
Dodging        | 3 |  3.3
Fighting       | |  2.9
Throwing       | |  1.7

Action                   || total
-------------------------++-------
Melee: Long sword        ||    77
       Touch             ||     9
       Punch             ||     2
Armor: Leather armour    ||     9
       Scale mail        ||    39
Dodge: Dodged            ||    63
